SAA
LANCASTER FARMERS @ ATHLETIC CLUB KC ACADEMY
07/16/2034
 
TOP OF THE 1ST
Lancaster Farmers batting - Pitching for Athletic Club KC Academy : RHP Mike Nyberg
Pitching: RHP Mike Nyberg
Batting: LHB Francisco Barranco 0-0: Called Strike
0-1: Ball
1-1: Ball
2-1: Ball
3-1: Called Strike
3-2: Fly out, F8 (Line Drive, 89D)
Batting: RHB José Medina 0-0: Ball
1-0: Called Strike
1-1: Foul Ball, location: 2F
1-2: Strikes out looking
Batting: LHB Ramón Padilla 0-0: Called Strike
0-1: Ball
1-1: Ball
2-1: Fly out, F7 (Flyball, 7S)
Top of the 1st over - 0 runs, 0 hits, 0 errors, 0 left on base; Lancaster 0 - Athletic Club KC Academy 0
BOTTOM OF THE 1ST
Athletic Club KC Academy batting - Pitching for Lancaster Farmers : RHP Ralph DePalma
Pitching: RHP Ralph DePalma
Batting: RHB John Ricks 0-0: Foul Ball, location: 2F
0-1: Ground out 6-3 (Groundball, 6)
Batting: RHB Jihan Tuah 0-0: Ball
1-0: Foul Ball, location: 2F
1-1: Ground out U3 (Groundball, 3)
Batting: RHB Travis Murphy 0-0: Called Strike
0-1: SINGLE (Line Drive, 4MD)
Batting: RHB Francisco Vargas 0-0: Ball
1-0: SINGLE (Groundball, 4MD)
Travis Murphy to second
Batting: RHB Jon Hall 0-0: Ball
1-0: Fly out, F7 (Line Drive, 7D)
Bottom of the 1st over - 0 runs, 2 hits, 0 errors, 2 left on base; Lancaster 0 - Athletic Club KC Academy 0
TOP OF THE 2ND
Lancaster Farmers batting - Pitching for Athletic Club KC Academy : RHP Mike Nyberg
Batting: RHB Domingo Altamiraño 0-0: Fly out, F6 (Popup, P)
Batting: LHB Joe Davidson 0-0: TRIPLE (Flyball, 8LXD)
Batting: RHB Jesús Herrera 0-0: Ball
1-0: Swinging Strike
1-1: Fly out, F6 (Popup, 6D)
Batting: LHB Alfonso Pacheco 0-0: Ball
1-0: Ball
2-0: Ball
3-0: Base on Balls
Batting: RHB Rusty Fox 0-0: Ball
1-0: DOUBLE (Line Drive, 7D)
Joe Davidson scores
Alfonso Pacheco to third
Batting: RHB Min-tae Yi 0-0: SINGLE (Line Drive, 6MD)
Alfonso Pacheco scores
Rusty Fox to third
Runner from 3rd tries for Home, SAFE, no throw
Batting: LHB Francisco Barranco 0-0: Called Strike
Min-tae Yi steals 2nd base
0-1: Ball
1-1: Fly out, F4 (Line Drive, 4)
Top of the 2nd over - 3 runs, 3 hits, 0 errors, 1 left on base; Lancaster 3 - Athletic Club KC Academy 0
BOTTOM OF THE 2ND
Athletic Club KC Academy batting - Pitching for Lancaster Farmers : RHP Ralph DePalma
Batting: RHB Wilton Banks 0-0: Ball
1-0: Called Strike
1-1: Ball
2-1: Called Strike
2-2: Foul Ball, location: 2F
2-2: Ground out 5-3 (Groundball, 56)
Batting: RHB Lester Wilson 0-0: Ball
1-0: Foul Ball, location: 2F
1-1: Called Strike
1-2: Foul Ball, location: 2F
1-2: Strikes out swinging
Batting: RHB David Lozano 0-0: Ball
1-0: DOUBLE (Line Drive, 7LS)
Batting: RHB Ted Hansen 0-0: Ball
1-0: Ball
2-0: Called Strike
2-1: SINGLE (Groundball, 6MD)
David Lozano to third
Runner from 3rd tries for Home, SAFE, no throw
Batting: RHB John Ricks 0-0: Called Strike
0-1: Ball
1-1: Called Strike
1-2: Ground out 1-3 (Groundball, 13)
Bottom of the 2nd over - 1 run, 2 hits, 0 errors, 1 left on base; Lancaster 3 - Athletic Club KC Academy 1
TOP OF THE 3RD
Lancaster Farmers batting - Pitching for Athletic Club KC Academy : RHP Mike Nyberg
Batting: RHB José Medina 0-0: Ball
1-0: SINGLE (Line Drive, 7LS)
Batting: LHB Ramón Padilla 0-0: Called Strike
0-1: Called Strike
0-2: Foul Ball, location: 2F
0-2: Foul Ball, location: 2F
0-2: Foul Ball, location: 2F
0-2: Fielders Choice at 2nd, 4-6 (Groundball, 4)
Batting: RHB Domingo Altamiraño 0-0: Fly out, F8 (Flyball, 8LM)
Batting: LHB Joe Davidson 0-0: Called Strike
Ramón Padilla is caught stealing 2nd base
Top of the 3rd over - 0 runs, 1 hit, 0 errors, 0 left on base; Lancaster 3 - Athletic Club KC Academy 1
BOTTOM OF THE 3RD
Athletic Club KC Academy batting - Pitching for Lancaster Farmers : RHP Ralph DePalma
Batting: RHB Jihan Tuah 0-0: Called Strike
0-1: Ball
1-1: Foul Ball, location: 2F
1-2: Ball
2-2: Foul Ball, location: 2F
2-2: Foul Ball, location: 2F
2-2: Strikes out looking
Batting: RHB Travis Murphy 0-0: Ball
1-0: Ball
2-0: Ball
3-0: Called Strike
3-1: Fly out, F7 (Flyball, 78D)
Batting: RHB Francisco Vargas 0-0: Called Strike
0-1: Fly out, F7 (Line Drive, 7S)
Bottom of the 3rd over - 0 runs, 0 hits, 0 errors, 0 left on base; Lancaster 3 - Athletic Club KC Academy 1
TOP OF THE 4TH
Lancaster Farmers batting - Pitching for Athletic Club KC Academy : RHP Mike Nyberg
Batting: LHB Joe Davidson 0-0: Called Strike
0-1: Ball
1-1: Foul Ball, location: 2F
1-2: Ball
2-2: Strikes out swinging
Batting: RHB Jesús Herrera 0-0: Called Strike
0-1: Called Strike
0-2: Foul Ball, location: 2F
0-2: Ball
1-2: Ball
2-2: Foul Ball, location: 2F
2-2: Strikes out looking
Batting: LHB Alfonso Pacheco 0-0: Ball
1-0: Ball
2-0: Ball
3-0: Base on Balls
Batting: RHB Rusty Fox 0-0: DOUBLE (Line Drive, 89D)
Alfonso Pacheco to third
Runner from 3rd tries for Home, SAFE, no throw
Batting: RHB Min-tae Yi 0-0: Ball
1-0: Called Strike
1-1: SINGLE (Groundball, 6MD)
Rusty Fox to third
Runner from 3rd tries for Home, SAFE, no throw
Batting: LHB Francisco Barranco 0-0: Ball
1-0: Ground out 1-3 (Groundball, 15)
Top of the 4th over - 2 runs, 2 hits, 0 errors, 1 left on base; Lancaster 5 - Athletic Club KC Academy 1
BOTTOM OF THE 4TH
Athletic Club KC Academy batting - Pitching for Lancaster Farmers : RHP Ralph DePalma
Batting: RHB Jon Hall 0-0: Foul Ball, location: 2F
0-1: Fly out, F3 (Popup, 34)
Batting: RHB Wilton Banks 0-0: Called Strike
0-1: Fly out, F8 (Line Drive, 8RD)
Batting: RHB Lester Wilson 0-0: Ball
1-0: Ball
2-0: Called Strike
2-1: Ball
3-1: Base on Balls
Batting: RHB David Lozano 0-0: Foul Ball, location: 2F
0-1: Ball
1-1: SINGLE (Groundball, 6) (infield hit)
Lester Wilson to second
Batting: RHB Ted Hansen 0-0: Ball
1-0: Called Strike
1-1: Ball
2-1: Ball
3-1: Base on Balls
Lester Wilson to third
David Lozano to second
Batting: RHB John Ricks 0-0: Ball
1-0: Called Strike
1-1: DOUBLE (Line Drive, 7LM)
Lester Wilson scores
David Lozano scores
Ted Hansen to third
Batting: RHB Jihan Tuah 0-0: Called Strike
0-1: Ball
1-1: Ground out 6-3 (Groundball, 6)
Bottom of the 4th over - 2 runs, 2 hits, 0 errors, 2 left on base; Lancaster 5 - Athletic Club KC Academy 3
TOP OF THE 5TH
Lancaster Farmers batting - Pitching for Athletic Club KC Academy : RHP Mike Nyberg
Batting: RHB José Medina 0-0: Ground out 6-3 (Groundball, 6)
Batting: LHB Ramón Padilla 0-0: Foul Ball, location: 2F
0-1: Ball
1-1: Foul Ball, location: 2F
1-2: Foul Ball, location: 2F
1-2: Foul Ball, location: 2F
1-2: Ball
2-2: Strikes out swinging
Batting: RHB Domingo Altamiraño 0-0: Foul Ball, location: 2F
0-1: Fly out, F7 (Flyball, 78S)
Top of the 5th over - 0 runs, 0 hits, 0 errors, 0 left on base; Lancaster 5 - Athletic Club KC Academy 3
BOTTOM OF THE 5TH
Athletic Club KC Academy batting - Pitching for Lancaster Farmers : RHP Ralph DePalma
Batting: RHB Travis Murphy 0-0: Called Strike
0-1: Ball
1-1: Foul Ball, location: 2F
1-2: Ball
2-2: Ball
3-2: Base on Balls
Batting: RHB Francisco Vargas 0-0: Ball
1-0: Called Strike
Travis Murphy steals 2nd base
1-1: Foul Ball, location: 2F
1-2: Foul Ball, location: 2F
1-2: Foul Ball, location: 2F
1-2: SINGLE (Groundball, 56D)
Travis Murphy to third
Runner from 3rd tries for Home, SAFE, no throw
Batting: RHB Jon Hall 0-0: Ball
1-0: Ball
2-0: Foul Ball, location: 2F
2-1: Called Strike
2-2: Ball
3-2: Fly out, F9 (Flyball, 9)
Batting: RHB Wilton Banks 0-0: SINGLE (Flyball, 89M)
Francisco Vargas to second
Batting: RHB Lester Wilson 0-0: Swinging Strike
0-1: Fly out, F7 (Flyball, 7LS)
Batting: RHB David Lozano 0-0: Called Strike
0-1: Foul Ball, location: 2F
0-2: Fly out, F3 (Line Drive, 34)
Bottom of the 5th over - 1 run, 2 hits, 0 errors, 2 left on base; Lancaster 5 - Athletic Club KC Academy 4
TOP OF THE 6TH
Lancaster Farmers batting - Pitching for Athletic Club KC Academy : RHP Mike Nyberg
Batting: LHB Joe Davidson 0-0: Ball
1-0: Foul Ball, location: 2F
1-1: Foul Ball, location: 2F
1-2: Foul Ball, location: 2F
1-2: Fly out, F8 (Flyball, 8LM)
Batting: RHB Jesús Herrera 0-0: Ball
1-0: Foul Ball, location: 2F
1-1: Ball
2-1: SINGLE (Flyball, 7S)
Batting: LHB Alfonso Pacheco 0-0: Ball
1-0: Swinging Strike
1-1: Called Strike
1-2: Ball
2-2: Foul Ball, location: 2F
2-2: Ball
3-2: Base on Balls
Jesús Herrera to second
Batting: RHB Rusty Fox 0-0: Ball
1-0: Ground out 5-3 (Groundball, 56)
Jesús Herrera to third
Alfonso Pacheco to second
Batting: RHB Min-tae Yi 0-0: Ball
1-0: Called Strike
1-1: Called Strike
1-2: Ball
2-2: Ground out 5-3 (Groundball, 56)
Top of the 6th over - 0 runs, 1 hit, 0 errors, 2 left on base; Lancaster 5 - Athletic Club KC Academy 4
BOTTOM OF THE 6TH
Athletic Club KC Academy batting - Pitching for Lancaster Farmers : RHP Ralph DePalma
Batting: RHB Ted Hansen 0-0: Ball
1-0: Ball
2-0: SOLO HOME RUN (Flyball, 7D), Distance : 377 ft
Batting: RHB John Ricks 0-0: Ball
1-0: Ball
2-0: Ball
3-0: Called Strike
3-1: Base on Balls
Pitching: RHP Daron Muldoon
Batting: RHB Jihan Tuah 0-0: Ball
1-0: Bunted foul
1-1: Foul Ball, location: 2F
1-2: SINGLE (Line Drive, 8RS)
John Ricks to second
Batting: RHB Travis Murphy 0-0: Ball
1-0: Grounds into double play, 6-4-3 (Groundball, 6)
John Ricks to third
Batting: RHB Francisco Vargas 0-0: 2-RUN HOME RUN (Flyball, 7D), Distance : 385 ft
Batting: RHB Jon Hall 0-0: Called Strike
0-1: Foul Ball, location: 2F
0-2: Ball
1-2: Fly out, F9 (Flyball, 9LS)
Bottom of the 6th over - 3 runs, 3 hits, 0 errors, 0 left on base; Lancaster 5 - Athletic Club KC Academy 7
TOP OF THE 7TH
Lancaster Farmers batting - Pitching for Athletic Club KC Academy : RHP Mike Nyberg
Pitching: RHP Matt Walters
Batting: LHB Francisco Barranco 0-0: TRIPLE (Flyball, 78D)
Batting: RHB José Medina 0-0: Called Strike
0-1: Foul Ball, location: 2F
0-2: Ball
1-2: Foul Ball, location: 2F
1-2: Ball
2-2: Ground out 5-3 (Groundball, 56S)
Batting: LHB Ramón Padilla 0-0: Ball
1-0: Ball
2-0: SINGLE (Groundball, 4) (infield hit)
Francisco Barranco scores
Batting: RHB Domingo Altamiraño 0-0: Ball
1-0: Ball
2-0: Swinging Strike
2-1: Ball
3-1: Base on Balls
Ramón Padilla to second
Batting: LHB Joe Davidson 0-0: Ball
1-0: Ball
2-0: Called Strike
2-1: Fly out, F7 (Flyball, 7D)
Runner from 2nd tags up, SAFE at 3rd, no throw
Batting: RHB Jesús Herrera 0-0: Ball
1-0: DOUBLE (Line Drive, 7LM)
Ramón Padilla scores
Domingo Altamiraño to third
Runner from 3rd tries for Home, SAFE, no throw
Batting: LHB Alfonso Pacheco 0-0: Ball
1-0: Ball
2-0: Fly out, F9 (Flyball, 89M)
Top of the 7th over - 3 runs, 3 hits, 0 errors, 1 left on base; Lancaster 8 - Athletic Club KC Academy 7
BOTTOM OF THE 7TH
Athletic Club KC Academy batting - Pitching for Lancaster Farmers : RHP Daron Muldoon
Batting: RHB Wilton Banks 0-0: Ball
1-0: Ball
2-0: Ball
3-0: Foul Ball, location: 2F
3-1: SINGLE (Line Drive, 4D)
Batting: RHB Lester Wilson 0-0: Called Strike
Wilton Banks steals 2nd base
0-1: Fly out, F3 (Popup, 3S)
Batting: RHB David Lozano 0-0: Ball
1-0: Ball
2-0: Ball
3-0: Called Strike
3-1: Base on Balls
Batting: RHB Ted Hansen 0-0: Ball
1-0: Ball
Wild Pitch!
Wilton Banks to third
David Lozano to second
2-0: Swinging Strike
2-1: Foul Ball, location: 2F
2-2: Ball
3-2: Base on Balls
Batting: RHB John Ricks 0-0: Called Strike
0-1: Called Strike
0-2: Ball
1-2: TRIPLE (Line Drive, 89XD)
Wilton Banks scores
David Lozano scores
Ted Hansen scores
Pitching: RHP Tony Wolfe
Batting: RHB Jihan Tuah 0-0: Called Strike
0-1: Swinging Strike
0-2: Strikes out swinging
Batting: RHB Travis Murphy 0-0: Called Strike
0-1: Foul Ball, location: 2F
0-2: Strikes out swinging
Bottom of the 7th over - 3 runs, 2 hits, 0 errors, 1 left on base; Lancaster 8 - Athletic Club KC Academy 10
TOP OF THE 8TH
Lancaster Farmers batting - Pitching for Athletic Club KC Academy : RHP Matt Walters
Pitching: RHP Oliver Vázquez
Batting: RHB Rusty Fox 0-0: Foul Ball, location: 2F
0-1: Ground out 5-3 (Groundball, 56)
Batting: RHB Min-tae Yi 0-0: Called Strike
0-1: Foul Ball, location: 2F
0-2: Strikes out swinging
Batting: LHB Francisco Barranco 0-0: Called Strike
0-1: SINGLE (Groundball, 34S) (infield hit)
Batting: RHB José Medina 0-0: Ball
1-0: SINGLE (Groundball, 6MD)
Francisco Barranco to second
Batting: LHB Ramón Padilla 0-0: Called Strike
0-1: Ball
1-1: Swinging Strike
1-2: Foul Ball, location: 2F
1-2: SINGLE (Line Drive, 34D)
Francisco Barranco to third
José Medina to second
Runner from 3rd tries for Home, SAFE, no throw
Batting: RHB Domingo Altamiraño 0-0: Called Strike
0-1: Foul Ball, location: 2F
0-2: Strikes out swinging
Top of the 8th over - 1 run, 3 hits, 0 errors, 2 left on base; Lancaster 9 - Athletic Club KC Academy 10
BOTTOM OF THE 8TH
Athletic Club KC Academy batting - Pitching for Lancaster Farmers : RHP Tony Wolfe
Batting: RHB Francisco Vargas 0-0: Called Strike
0-1: Ball
1-1: Ball
2-1: Foul Ball, location: 2F
2-2: Ball
3-2: Strikes out looking
Batting: RHB Jon Hall 0-0: Swinging Strike
0-1: Fly out, F9 (Flyball, 9)
Batting: RHB Wilton Banks 0-0: Called Strike
0-1: Ball
1-1: Ball
2-1: Called Strike
2-2: Ground out 5-3 (Groundball, 5)
Bottom of the 8th over - 0 runs, 0 hits, 0 errors, 0 left on base; Lancaster 9 - Athletic Club KC Academy 10
TOP OF THE 9TH
Lancaster Farmers batting - Pitching for Athletic Club KC Academy : RHP Oliver Vázquez
Pitching: RHP Byron Rosebotham
Batting: LHB Joe Davidson 0-0: Called Strike
0-1: Ground out 4-3 (Groundball, 4)
Batting: RHB Jesús Herrera 0-0: Called Strike
0-1: Swinging Strike
0-2: Strikes out looking
Batting: LHB Alfonso Pacheco 0-0: Ball
1-0: Called Strike
1-1: Ball
2-1: Called Strike
2-2: Ball
3-2: Foul Ball, location: 2F
3-2: Foul Ball, location: 2F
3-2: Strikes out swinging
Top of the 9th over - 0 runs, 0 hits, 0 errors, 0 left on base; Lancaster 9 - Athletic Club KC Academy 10
Friday, March 29th, 2019 - OOTP Baseball 18.8 Build 76